 Dungeon Crawl Stone Soup version 0.23-a0-582-g1b4a0ca (console) character file.

600178 Duffy the Sorcerer (level 27, -30/205 HPs)
             Began as a Naga Fire Elementalist on Dec 16, 2018.
             Was the Champion of Vehumet.
             Annihilated by a reaper
             ... wielding a +1 scythe of flaming
             ... summoned by a greater mummy's death curse
              (35 damage)
             ... on level 16 of a ziggurat.
             The game lasted 02:21:09 (78317 turns).

Duffy the Sorcerer (Naga Fire Elementalist)        Turns: 78317, Time: 02:21:09

Health: -30/205    AC: 35    Str: 14      XL:     27
Magic:  47/52      EV: 13    Int: 29      God:    Vehumet [******]
Gold:   3554       SH: 20    Dex:  9 (11) Spells: 24/76 levels left

rFire    . . .     SeeInvis +   E - staff of energy
rCold    . . .     Gourm    .   Q - +2 large shield
rNeg     + + .     Faith    .   R - +2 robe {Archmagi}
rPois    +         Spirit   .   t - +2 helmet {Int+3}
rElec    .         Reflect  .   v - +2 cloak
rCorr    +         Harm     .   V - +2 pair of gloves
MR       +++..                  o - +4 naga barding {Fly}
Stlth    ++........             M - amulet of magic regeneration
HPRegen  1.44/turn              u - +6 ring of protection
MPRegen  0.58/turn              a - ring "Syotiocw" {rCorr rN++}

@: flying, very slightly contaminated, regenerating, slowed, very slow
A: large, see invisible, deformed body, frail 1, poison resistance, slowness 2,
slow metabolism 1, spit poison 1, constrict 1, AC +9
}: 3/15 runes: decaying, serpentine, slimy
a: Spit Poison, Renounce Religion, Stop Flying


You were on level 16 of a ziggurat.
You worshipped Vehumet.
Vehumet was exalted by your worship.
You were not hungry.

You visited 10 branches of the dungeon, and saw 49 of its levels.
You visited 1 bazaar.
You visited 1 ziggurat, and saw 16 of its levels.
You also visited: Ice Cave and Wizlab.

You collected 6788 gold pieces.
You spent 3234 gold pieces at shops.

Inventory:

Hand Weapons
 f - the +8 mace of Zelairir {freeze, rElec rPois rN+}
   (You took it off a meliai on level 15 of the Dungeon)

   It has been specially enchanted to freeze those struck by it, causing extra
   injury to most foes and up to half again as much damage against particularly
   susceptible opponents.
   It can also slow down cold-blooded creatures.
   It insulates you from electricity.
   It protects you from poison.
   It protects you from negative energy.
 S - the +8 mithril axe "Arga" {speed, MR+}
   (You found it on level 11 of a ziggurat)

   Attacks with this weapon are significantly faster.
   It affects your resistance to hostile enchantments.
Missiles
 K - 2 throwing nets (quivered)
Armour
 g - the +8 orange crystal plate armour {Archmagi, Int+3 Clar}
   (You acquired it on level 14 of a ziggurat)

   It affects your intelligence (+3).
   It protects you against confusion.
 o - a +4 naga barding of flying (worn)
 t - a +2 helmet of intelligence (worn)
 v - a +2 cloak (worn)
 Q - a +2 large shield (worn)
 R - a +2 robe of the Archmagi (worn)
 V - a +2 pair of gloves (worn)
Magical Staves
 E - an uncursed staff of energy (weapon)
 N - an uncursed staff of conjuration {!a}
Jewellery
 a - the ring "Syotiocw" (right hand) {rCorr rN++}
   (You took it off a deep elf mage on level 3 of the Elven Halls)

   [ring of resist corrosion]

   It greatly protects you from negative energy.
 q - the ring of Foolhardiness {+Fly rF+}
   (You found it on level 4 of a ziggurat)

   [ring of flight]

   It protects you from fire.
   It lets you fly.
 u - a +6 ring of protection (left hand)
 F - the ring "Botriemp" {-Tele rPois MR+ AC+4 Str+2}
   (You found it on level 6 of a ziggurat)

   [ring of protection]

   It affects your AC (+4).
   It affects your strength (+2).
   It protects you from poison.
   It affects your resistance to hostile enchantments.
   It prevents most forms of teleportation.
 H - an uncursed ring of protection from magic
 M - an amulet of magic regeneration (around neck)
 U - an uncursed ring of magical power
 Y - the ring "Yhauneut" {rC+ EV+2}
   (You found it on level 14 of a ziggurat)

   [ring of evasion]

   It affects your evasion (+2).
   It protects you from cold.
Wands
 r - a wand of paralysis (8)
 y - a wand of iceblast (39)
 G - a wand of acid (31)
 X - a wand of digging (19)
Scrolls
 d - 8 scrolls of fog
 h - 17 scrolls of teleportation
 j - a scroll of amnesia
 m - 15 scrolls of identify
 n - 3 scrolls of blinking
 s - 7 scrolls of fear
 x - 17 scrolls of remove curse
 D - 10 scrolls of immolation
 J - 2 scrolls of magic mapping
 P - a scroll of summoning
Potions
 b - 23 potions of curing
 e - 13 potions of mutation
 i - 14 potions of heal wounds
 k - 5 potions of resistance
 w - 4 potions of brilliance
 z - 4 potions of magic
 B - 8 potions of ambrosia
 I - 2 potions of invisibility
 L - 10 potions of agility
 O - 5 potions of haste
 W - 3 potions of cancellation
Miscellaneous
 p - 5 boxes of beasts
 A - a phial of floods
 T - 2 phantom mirrors
 Z - a fan of gales
Comestibles
 c - 73 rations


   Skills:
 - Level 10.0 Fighting
 - Level 11.8 Dodging
 - Level 3.0 Stealth
 - Level 15.0 Shields
 + Level 25.2 Spellcasting
 + Level 20.7 Conjurations
 - Level 5.0 Charms
 - Level 5.0 Necromancy
 - Level 2.4 Translocations
 - Level 21.5 Fire Magic
 - Level 10.0 Poison Magic
 - Level 6.0 Evocations


You had 24 spell levels left.
You knew the following spells:

 Your Spells              Type           Power        Failure   Level  Hunger
b - Sublimation of Blood  Necr           #######...   1%          2    None
c - Conjure Flame         Conj/Fire      ########     0%          3    None
h - Bolt of Fire          Conj/Fire      ########..   0%          6    None
i - Ignition              Fire           ########..   1%          8    None
j - Poison Arrow          Conj/Pois      ########..   1%          6    None
k - Fireball              Conj/Fire      ########..   0%          5    None
l - Fire Storm            Conj/Fire      ########..   4%          9    None
n - Iskenderun's Mystic   Conj           ########     0%          4    None
s - Sticky Flame          Conj/Fire      ########     0%          4    None
y - Regeneration          Chrm/Necr      #######...   1%          3    None
B - Blink                 Tloc           N/A          1%          2    None

Your spell library contained the following spells:

 Spells                   Type           Power        Failure   Level  Hunger
 Chain Lightning          Conj/Air       #######...   19%         8    None
 Glaciate                 Conj/Ice       #######...   93%         9    None
 Flame Tongue             Conj/Fire      #####        0%          1    None
 Magic Dart               Conj           ####         0%          1    None
 Shock                    Conj/Air       ####         0%          1    None
 Sting                    Conj/Pois      ####         0%          1    None
 Searing Ray              Conj           ######       0%          2    None
 Throw Flame              Conj/Fire      ######       0%          2    None
 Throw Frost              Conj/Ice       ######       0%          2    None
 Animate Skeleton         Necr           N/A          1%          1    None
 Apportation              Tloc           ######       1%          1    None
 Beastly Appendage        Tmut           ######       1%          1    None
 Confusing Touch          Hex            ######       1%          1    None
 Corona                   Hex            ######.      1%          1    None
 Freeze                   Ice            ####         1%          1    None
 Infusion                 Chrm           ####         1%          1    None
 Sandblast                Erth           ######       1%          1    None
 Summon Butterflies       Summ           ######..     1%          1    None
 Summon Small Mammal      Summ           ####         1%          1    None
 Call Imp                 Summ           ######..     1%          2    None
 Corpse Rot               Necr           N/A          1%          2    None
 Ensorcelled Hibernation  Hex/Ice        ######       1%          2    None
 Passwall                 Tmut/Erth      ######..     1%          2    None
 Poisonous Vapours        Pois/Air       ######       1%          2    None
 Shroud of Golubria       Chrm/Tloc      ######....   1%          2    None
 Slow                     Hex            ######..     1%          2    None
 Song of Slaying          Chrm           #######.     1%          2    None
 Sticks to Snakes         Tmut           ######..     1%          2    None
 Swiftness                Chrm/Air       ######..     1%          2    None
 Dazzling Spray           Conj/Hex       ######       1%          3    None
 Gell's Gravitas          Tloc           ######....   1%          3    None
 Ignite Poison            Fire/Tmut/Pois #######.     1%          3    None
 Inner Flame              Hex/Fire       #######.     1%          3    None
 Lesser Beckoning         Tloc           ######....   1%          3    None
 Mephitic Cloud           Conj/Pois/Air  #######.     1%          3    None
 Ozocubu's Armour         Chrm/Ice       ######..     1%          3    None
 Recall                   Summ/Tloc      N/A          1%          3    None
 Spectral Weapon          Hex/Chrm       ######..     1%          3    None
 Spider Form              Tmut/Pois      #######...   1%          3    None
 Static Discharge         Conj/Air       #######.     1%          3    None
 Stone Arrow              Conj/Erth      ######       1%          3    None
 Teleport Other           Tloc           ######..     1%          3    None
 Vampiric Draining        Necr           #######...   1%          3    None
 Force Lance              Conj/Tloc      ########     1%          4    None
 Fulminant Prism          Conj/Hex       #######...   1%          4    None
 Olgreb's Toxic Radiance  Pois           #######.     1%          4    None
 Throw Icicle             Conj/Ice       #######.     1%          4    None
 Bolt of Draining         Conj/Necr      ########..   1%          5    None
 Bolt of Magma            Conj/Fire/Erth ########..   1%          5    None
 Irradiate                Conj/Tmut      #######...   1%          5    None
 Iskenderun's Battlesphe  Conj/Chrm      ########     1%          5    None
 Lightning Bolt           Conj/Air       #######...   1%          5    None
 Venom Bolt               Conj/Pois      ########..   1%          5    None
 Bolt of Cold             Conj/Ice       #######...   1%          6    None
 Freezing Cloud           Conj/Ice/Air   #######...   1%          6    None
 Iron Shot                Conj/Erth      #######...   1%          6    None
 Orb of Destruction       Conj           ########..   1%          7    None
 Confuse                  Hex            ######..     2%          3    None
 Tukima's Dance           Hex            ######..     2%          3    None
 Airstrike                Air            ######....   2%          4    None
 Agony                    Necr           #######.     2%          5    None
 Alistair's Intoxication  Tmut/Pois      #######.     2%          5    None
 Dispel Undead            Necr           #######.     2%          5    None
 Excruciating Wounds      Chrm/Necr      #######...   2%          5    None
 Spellforged Servitor     Conj/Summ      #######...   2%          7    None
 Passage of Golubria      Tloc           N/A          3%          4    None
 Ring of Flames           Chrm/Fire      ########..   3%          7    None
 Lee's Rapid Deconstruct  Erth           ######....   6%          5    None
 Yara's Violent Unravell  Hex/Tmut       ######....   6%          5    None
 Cause Fear               Hex            ######....   8%          4    None
 Ice Form                 Ice/Tmut       ######..     8%          4    None
 Leda's Liquefaction      Hex/Erth       ######....   8%          4    None
 Petrify                  Tmut/Erth      ######..     8%          4    None
 Summon Ice Beast         Ice/Summ       ######..     8%          4    None
 Summon Forest            Summ/Tloc      ######....   13%         5    None
 Death Channel            Necr           #######...   16%         6    None
 Aura of Abjuration       Summ           ######....   22%         5    None
 Blade Hands              Tmut           ######....   22%         5    None
 Metabolic Englaciation   Hex/Ice        ######....   22%         5    None
 Summon Demon             Summ           ######....   22%         5    None
 Summon Mana Viper        Hex/Summ       ######..     22%         5    None
 Ozocubu's Refrigeration  Ice            ######....   30%         6    None
 Simulacrum               Ice/Necr       ######....   41%         6    None
 Hydra Form               Tmut           ######....   77%         6    None
 Invisibility             Hex            ######..     77%         6    None
 Shadow Creatures         Summ           N/A          77%         6    None
 Statue Form              Tmut/Erth      ######...    77%         6    None
 Haunt                    Necr/Summ      ######....   94%         7    None
 Malign Gateway           Summ/Tloc      ######....   99%         7    None
 Dragon Form              Tmut           ######....   100%        7    None
 Summon Hydra             Summ           ######....   100%        7    None
 Borgnjor's Revivificati  Necr           #######...   100%        8    None
 Controlled Blink         Tloc           N/A          100%        8    None
 Death's Door             Chrm/Necr      #######...   100%        8    None
 Infestation              Necr           #######...   100%        8    None
 Necromutation            Tmut/Necr      ######....   100%        8    None
 Dragon's Call            Summ           ######....   100%        9    None
 Shatter                  Erth           ######....   100%        9    None


Dungeon Overview and Level Annotations

Branches:
Dungeon (15/15)            Temple (1/1) D:5            Lair (6/6) D:8
  Swamp (4/4) Lair:2        Snake (4/4) Lair:4        Slime (5/5) Lair:6
    Orc (2/2) D:10            Elf (3/3) Orc:2        Vaults (4/5) D:14
  Crypt (0/3) Vaults:3     Depths (5/5) D:15            Zot (0/5) Depths:5

Altars:
Ashenzari
Cheibriados
Dithmenos
Elyvilon
Fedhas
Gozag
Hepliaklqana
Kikubaaqudgha
Makhleb
Nemelex Xobeh
Okawaru
Qazlal
Ru
Sif Muna
Trog
Uskayaw
Vehumet
Wu Jian
Xom
Yredelemnul
Zin
The Shining One
Beogh

Shops:
D:4 *   D:7 %   D:8 =   D:15 !   Orc:1 ***   Orc:2 %([(   Elf:2 ?[
Snake:1 !*!   Snake:3 :   Vaults:3 (   Depths:3 }

Portals:
Hell: Depths:1 Depths:2 Depths:3 Depths:4 Depths:5
Abyss: Depths:2 Depths:3 Depths:4
Pandemonium: Depths:3 Depths:4
Trove: D:12 (give 14 potions of heal wounds)

Annotations:
Elf:2 3 runed doors, exclusion: 3 doors


Innate Abilities, Weirdness & Mutations

You cannot wear boots.
Your serpentine skin is tough. (AC +9)
You have supernaturally acute eyesight. (SInv)
Armour fits poorly on your strangely shaped body.
Your system is resistant to poisons. (rPois)
You cover ground very slowly.
You have a slow metabolism.
You can spit poison.
You can use your snake-like lower body to constrict enemies.
You are frail. (-10% HP)


Message History

The greater mummy casts a spell.
The reaper hits you from afar with a +1 scythe of flaming!
The reaper burns you.
The greater mummy casts a spell.
The bennu jubilantly flits about.
The bennu closely misses you.
The bennu claws you but does no damage. x2
The greater mummy mumbles some strange words.
You feel much better. The death scarab bites you!
The death scarab drains your vigour!
You feel as though you will be slow longer.
The death scarab draws strength from your injuries!
The death scarab waves its antennae.
The bennu misses you. You block the bennu's attack. x3
The bennu claws you but does no damage. x2
The bennu pecks you but does no damage. The bennu claws you!!
The bennu claws you but does no damage. The bennu pecks you but does no damage.
The bennu claws you but does no damage. The bennu closely misses you.
The greater mummy hits you! The wraith closely misses you.
The reaper hits you from afar with a +1 scythe of flaming!!
You die...

.......##
......000......
........#
...............
.........
%..............
.........
:.4........#...
.........
[|..3..........
.........
}}..n.sM.##.##.
.......\.
?M.Ms2bWs......
.........
)Z.Mssb@W..#...
.........
....snM.Z.s....
.........
.......Z.......
.........
.8...M.........
........#
...............
.......##
#..............
......#
##.............
##............


You could see 4 greater mummies, 2 emperor scorpions, a reaper, 2 bennus, an
orange demon, a guardian mummy, an ushabti, a smoke demon, a hungry ghost, a
wraith, 5 death scarabs, 2 necrophages, a mummy, a spriggan defender simulacrum,
a deep elf high priest zombie and a deep elf high priest skeleton.

Vanquished Creatures
  the Royal Jelly (Slime:5)
  A greater mummy (Zig:16)
  Boris (Depths:3)
  A shard shrike (Zig:10)
  Saint Roka (Orc:2)
  Vashnia (Snake:4)
  2 caustic shrikes (Depths:4)
  4 Killer Klowns (Zig:11)
  Nikola (Depths:3)
  2 golden dragons
  5 pandemonium lords
  A bone dragon (Zig:9)
  A Tzitzimitl (Zig:8)
  A Brimstone Fiend (Zig:7)
  An Ice Fiend (Zig:10)
  2 liches
  5 deep elf blademasters
  A quicksilver dragon (Zig:12)
  16 acid blobs
  Asterion (Snake:3)
  5 deep elf master archers
  3 titans
  Frances (D:13)
  A tentacled starspawn (Zig:6)
  2 sphinxes
  3 thorn hunters
  An ancient champion (Zig:4)
  2 shadow dragons (Depths:5)
  2 storm dragons
  14 nagarajas
  Kirke (Elf:1)
  3 tengu reavers
  14 azure jellies
  An azure jelly (shapeshifter) (Zig:7)
  8 deep elf sorcerers
  13 fire giants
  12 vault wardens
  A draconian scorcher (Depths:5)
  2 balrugs
  The ghost of Amnesiac the Imperceptible, an adept SpEn of Dithmenos (Elf:3)
  Louise (Depths:3)
  A curse skull (Zig:9)
  A ghoul (Vaults:2)
  A draconian shifter (Depths:5)
  11 frost giants
  A spriggan defender (Depths:4)
  A caustic shrike zombie (Depths:2)
  2 deep elf elementalists (Elf:3)
  22 stone giants
  13 ironheart preservers
  A war gargoyle (Vaults:3)
  A draconian annihilator (Depths:5)
  2 corrupters (Zig:8)
  A reaper (Zig:15)
  28 very ugly things
  3 entropy weavers
  5 vampire knights
  2 red draconians (Depths:5)
  8 deep elf demonologists
  7 deep elf annihilators
  A green draconian (Depths:5)
  A white draconian (Depths:5)
  2 lorocyprocas
  The ghost of Stiffzip the Unseen, a journeyman SpAr of Okawaru (Swamp:4)
  A purple draconian (Depths:5)
  A yellow draconian (Depths:5)
  5 spark wasps
  10 deep elf death magi
  13 ettins
  3 eidola (Zig:9)
  9 mummy priests (Zig:16)
  4 blizzard demons
  11 death oozes
  11 fire dragons
  14 yaktaur captains
  3 jiangshi
  Josephine (Orc:1)
  5 deep elf high priests
  Harold (D:7)
  10 great orbs of eyes
  6 rakshasas
  Erolcha (Orc:2)
  A hell beast (Depths:4)
  2 shambling mangroves
  24 naga warriors
  A caustic shrike simulacrum (Depths:2)
  9 vault guards
  25 hydras
  A great orb of eyes (shapeshifter) (D:14)
  2 ghost crabs
  A monstrous demonspawn (Depths:3)
  8 ice dragons
  Erica (D:9)
  9 anacondas
  3 spriggan air magi
  10 ogre magi
  12 centaur warriors
  2 death knights
  A queen ant (Lair:4)
  36 two-headed ogres
  17 deep troll earth magi
  6 deep troll shamans
  14 dancing weapons
  2 death scarabs (Zig:16)
  5 vampire magi
  15 alligators
  5 tengu warriors
  A death yak (IceCv)
  2 thrashing horrors (Zig:6)
  5 spriggan berserkers
  Sonja (Orc:1)
  12 shock serpents
  4 orc high priests
  17 naga sharpshooters
  A soul eater (Depths:4)
  3 small abominations
  14 hell knights
  5 shadow wraiths
  25 deep elf knights
  3 salamander mystics
  A death drake (shapeshifter) (Zig:7)
  A sea snake (shapeshifter) (Elf:3)
  A skeletal warrior (Vaults:2)
  An iron troll (Depths:4)
  5 unseen horrors
  11 glowing orange brains
  38 deep trolls
  3 flayed ghosts
  4 spriggan druids
  2 storm dragon skeletons
  21 deep elf archers
  8 wizards
  2 lindwurms
  8 naga ritualists
  11 swamp dragons
  9 necromancers
  10 orc knights
  19 ironbrand convokers
  2 tengu zombies
  A harpy (shapeshifter) (Vaults:4)
  A fire giant zombie (Zig:10)
  A tengu skeleton (Zig:16)
  59 ugly things
  A wolf spider zombie (D:15)
  5 wolf spiders
  7 shining eyes
  A shadow dragon skeleton (Depths:2)
  68 deep elf magi
  9 mana vipers
  3 phantasmal warriors
  8 oklob plants (Zig:13)
  8 cyclopes
  17 salamanders
  Maurice (Orc:2)
  An iron dragon skeleton (Depths:2)
  9 orc sorcerers
  2 salamanders (shapeshifter)
  A manticore (D:13)
  37 black mambas
  A guardian serpent (Zig:12)
  2 ice statues
  An elephant (shapeshifter) (D:13)
  2 guardian serpents (shapeshifter)
  2 centaur zombies
  A fire giant skeleton (Depths:2)
  3 frost giant skeletons
  6 elephants (Lair:6)
  Psyche (D:11)
  A rust devil (Depths:4)
  10 vault sentinels
  An apocalypse crab (Zig:11)
  33 naga magi
  4 eyes of devastation
  5 torpor snails (Lair:6)
  An elf skeleton (Zig:16)
  2 gargoyles
  18 spiny frogs
  2 centaur skeletons
  2 hellions
  4 rime drakes
  10 freezing wraiths
  3 kobold demonologists
  6 komodo dragons
  64 yaktaurs
  7 guardian mummies (Zig:16)
  2 demonic crawlers (Zig:2)
  5 tengu conjurers
  A red devil (Zig:8)
  9 meliai
  A jumping spider (shapeshifter) (Depths:4)
  A hellwing (Depths:4)
  16 tyrant leeches
  20 polar bears
  11 trolls
  A jumping spider (Vaults:3)
  A polar bear (shapeshifter) (Vaults:3)
  2 hornets (shapeshifter)
  32 hornets
  10 bog bodies
  13 blink frogs
  A meliai zombie (D:14)
  125 slime creatures
  6 dream sheep (Lair:6)
  A dream sheep (shapeshifter) (Depths:4)
  13 hippogriffs
  A large abomination (Zig:6)
  2 flying skulls (Zig:16)
  A tarantella (shapeshifter) (Depths:3)
  13 spriggans
  32 yaks
  A redback (Vaults:3)
  7 wraiths
  2 spriggans (shapeshifter)
  4 air elementals
  3 shadows
  An ettin skeleton (Vaults:2)
  An elf zombie (Zig:10)
  2 ushabtiu (Zig:16)
  3 hogs (Elf:1)
  9 water elementals
  A tarantella (Vaults:3)
  3 ynoxinuls
  6 fire elementals
  A human (Elf:1)
  2 basilisks (shapeshifter)
  5 wyverns
  3 hungry ghosts
  4 fire bats (D:13)
  10 golden eyes
  2 neqoxecs
  4 basilisks
  2 steam dragons (Lair:6)
  22 vampire mosquitoes
  4 chaos spawn
  49 nagas
  4 wargs
  17 soldier ants
  An acid dragon (shapeshifter) (Depths:1)
  20 swamp worms
  11 insubstantial wisps
  5 acid dragons
  A hell hound (D:13)
  A deep troll zombie (Vaults:2)
  13 water moccasins
  7 porcupines
  6 ice beasts
  6 swamp drakes
  A black bear (shapeshifter) (Vaults:3)
  2 sky beasts
  An orc zombie (Vaults:2)
  A human zombie (Vaults:2)
  63 orc warriors
  6 eyes of draining
  2 black bears
  A hornet zombie (D:13)
  An eye of draining (shapeshifter) (Depths:3)
  A phantom (D:8)
  31 ogres
  5 boggarts
  A necrophage (D:10)
  11 wolves (IceCv)
  18 centaurs
  9 crocodiles
  A wolf (shapeshifter) (Depths:5)
  4 big kobolds
  13 bullfrogs
  4 earth elementals
  2 wyvern zombies
  6 scorpions
  6 killer bees (D:12)
  9 wights
  2 electric eels (Lair:3)
  A howler monkey (D:14)
  10 crimson imps
  2 lava snakes (D:13)
  4 quasits
  8 hounds
  5 jellies
  3 bullfrog skeletons
  2 human simulacra
  33 orc priests
  38 orc wizards
  2 iron imps (Depths:3)
  Terence (D:2)
  9 iguanas
  44 worker ants
  A lightning spire (Zig:14)
  2 hound zombies
  A hound skeleton (D:9)
  15 mummies
  2 worker ant zombies
  4 gnolls (D:3)
  9 adders
  6 shadow imps
  A white imp (Zig:10)
  6 oozes
  2 adder zombies
  3 adder skeletons
  4 worms
  3 dart slugs
  2 leopard geckos
  157 orcs
  8 goblins
  14 hobgoblins
  5 jackals
  16 kobolds
  7 quokkas
  2 ball pythons
  7 bats
  5 frilled lizards
  6 rats
  2 crawling corpses (Elf:3)
  3 fire vortices (D:13)
  4 plants
  A starspawn tentacle (Zig:6)
2483 creatures vanquished.

Vanquished Creatures (collateral kills)
  A bone dragon (Zig:9)
  An ugly thing (Zig:11)
  An apocalypse crab (Zig:11)
  A golden eye (shapeshifter) (Zig:13)
4 creatures vanquished.

Vanquished Creatures (others)
  A very ugly thing (Depths:3)
  An ugly thing (Depths:3)
  An elephant (Lair:6)
  A human (Elf:1)
  A vampire mosquito (Swamp:1)
  3 wolves (IceCv)
  A bush (D:9)
  54 fire vortices
  8 fungi
  18 plants
  A starspawn tentacle (Zig:6)
90 creatures vanquished.

Grand Total: 2577 creatures vanquished

Notes
Turn   | Place    | Note
-------+----------+-------------------------------------------
     0 | D:1      | Duffy the Naga Fire Elementalist began the quest for the
                  | Orb.
     0 | D:1      | Reached XP level 1. HP: 15/15 MP: 3/3
    85 | D:2      | Reached XP level 2. HP: 16/22 MP: 0/5
   527 | D:4      | Found a hazy altar of Hepliaklqana.
   605 | D:4      | Reached XP level 3. HP: 28/28 MP: 3/6
   610 | D:4      | Learned a level 3 spell: Conjure Flame
   686 | D:4      | Reached XP level 4. HP: 36/36 MP: 4/7
   743 | D:5      | Entered Level 5 of the Dungeon
  1022 | D:5      | Found a sparkling altar of Nemelex Xobeh.
  1063 | D:6      | Found a white marble altar of Elyvilon.
  1177 | D:6      | Noticed a bullfrog
  1182 | D:6      | Killed a bullfrog
  1182 | D:6      | Reached XP level 5. HP: 42/42 MP: 4/9
  1244 | D:6      | Learned a level 4 spell: Sticky Flame
  1349 | D:6      | Reached skill level 3 in Spellcasting
  1349 | D:6      | Reached XP level 6. HP: 38/49 MP: 0/10
  1476 | D:7      | Noticed an orc warrior
  1687 | D:6      | Found a glowing golden altar of the Shining One.
  1917 | D:7      | Noticed Harold
  1962 | D:6      | Reached skill level 5 in Conjurations
  1962 | D:6      | Reached XP level 7. HP: 34/55 MP: 4/12
  2440 | D:5      | Found a staircase to the Ecumenical Temple.
  2444 | Temple   | Entered the Ecumenical Temple
  2624 | Temple   | Became a worshipper of Vehumet
  2669 | D:5      | Reached skill level 4 in Spellcasting
  2954 | D:4      | Reached skill level 5 in Fire Magic
  3860 | D:3      | Reached * piety under Vehumet
  3860 | D:3      | Offered knowledge of Freeze by Vehumet.
  4007 | D:3      | Reached XP level 8. HP: 44/62 MP: 5/14
  4271 | D:2      | Noticed Terence
  4278 | D:2      | Killed Terence
  4500 | D:2      | Learned a level 5 spell: Fireball
  6239 | D:4      | Found an ancient bone altar of Kikubaaqudgha.
  6242 | D:4      | Found a shattered altar of Ashenzari.
  6351 | D:4      | Found Itiofef's Assorted Antiques.
  6359 | D:4      | Bought a scroll labeled ORHADO SIST for 25 gold pieces
  6359 | D:4      | Bought a scroll labeled SYNEBU JASOJI for 25 gold pieces
  6359 | D:4      | Bought a scroll labeled PAUGIROTHRE for 25 gold pieces
  6359 | D:4      | Bought an emerald potion for 22 gold pieces
  6359 | D:4      | Bought an emerald potion for 22 gold pieces
  6359 | D:4      | Bought a lumpy orange potion for 22 gold pieces
  6359 | D:4      | Bought a scroll labeled NAOPTI JIONTO for 25 gold pieces
  6359 | D:4      | Bought a scroll of identify for 50 gold pieces
  7055 | D:6      | Reached skill level 5 in Spellcasting
  7322 | D:6      | Offered knowledge of Searing Ray by Vehumet.
  7657 | D:6      | Reached XP level 9. HP: 27/68 MP: 5/17
  7893 | D:7      | Reached skill level 6 in Spellcasting
  7961 | D:7      | Found Mympon's Food Boutique.
  8049 | D:7      | Killed Harold
  8321 | D:7      | Reached ** piety under Vehumet
  8331 | D:7      | Reached skill level 7 in Spellcasting
  8503 | D:7      | Reached skill level 1 in Evocations
  8679 | D:7      | Reached XP level 10. HP: 63/75 MP: 9/20
  9034 | D:8      | Paralysed by a hornet for 1 turns
  9376 | D:8      | Found a staircase to the Lair.
  9472 | D:8      | Found a shadowy altar of Dithmenos.
  9638 | D:8      | Offered knowledge of Ignite Poison by Vehumet.
  9648 | D:8      | Reached skill level 1 in Fighting
  9729 | D:8      | Reached skill level 1 in Shields
  9931 | D:8      | Found Oplos's Jewellery Shoppe.
 10915 | D:9      | Noticed Erica
 11001 | D:9      | Killed Erica
 11140 | D:9      | Reached *** piety under Vehumet
 11140 | D:9      | Reached skill level 5 in Fighting
 11241 | D:10     | Entered Level 10 of the Dungeon
 11255 | D:10     | Noticed a gargoyle
 11520 | D:10     | Reached XP level 11. HP: 86/94 MP: 13/22
 11724 | D:10     | Noticed a cyclops
 11736 | D:10     | Killed a cyclops
 11736 | D:10     | Reached skill level 8 in Spellcasting
 11840 | D:10     | Offered knowledge of Iskenderun's Mystic Blast by Vehumet.
 11882 | D:10     | Learned a level 4 spell: Iskenderun's Mystic Blast
 12042 | D:10     | Found a staircase to the Orcish Mines.
 12231 | D:10     | Reached **** piety under Vehumet
 12568 | D:10     | Offered knowledge of Venom Bolt by Vehumet.
 12708 | D:10     | Noticed a two-headed ogre
 12713 | D:10     | Killed a two-headed ogre
 13349 | Lair:1   | Entered Level 1 of the Lair of Beasts
 13379 | D:8      | Bought an uncursed amulet of magic regeneration for 390
                  | gold pieces
 13801 | Lair:1   | Noticed a four-headed hydra
 13802 | Lair:1   | Reached skill level 10 in Conjurations
 13807 | Lair:1   | Killed a four-headed hydra
 13807 | Lair:1   | Reached skill level 9 in Spellcasting
 13807 | Lair:1   | Reached skill level 10 in Fire Magic
 13981 | Lair:1   | Noticed a seven-headed hydra
 13985 | Lair:1   | Killed a seven-headed hydra
 14607 | Lair:2   | Reached skill level 10 in Spellcasting
 14607 | Lair:2   | Reached XP level 12. HP: 103/103 MP: 15/26
 14884 | Lair:2   | Found a staircase to the Swamp.
 15813 | Lair:3   | Reached skill level 5 in Evocations
 15819 | Lair:3   | Noticed a four-headed hydra
 15826 | Lair:3   | Killed a four-headed hydra
 16092 | D:8      | Bought an uncursed ring of magical power for 260 gold
                  | pieces
 16287 | Lair:3   | Noticed a five-headed hydra
 16291 | Lair:3   | Killed a five-headed hydra
 17051 | Lair:4   | Found a staircase to the Snake Pit.
 17092 | Lair:4   | Reached ***** piety under Vehumet
 17134 | Lair:4   | Offered knowledge of Lightning Bolt by Vehumet.
 17154 | Lair:4   | Noticed a queen ant
 17155 | Lair:4   | Noticed an entropy weaver
 17582 | Lair:4   | Reached skill level 11 in Spellcasting
 18220 | Lair:4   | Killed a queen ant
 18405 | Lair:4   | Noticed a seven-headed hydra
 18558 | Lair:4   | Killed a seven-headed hydra
 18558 | Lair:4   | Gained mutation: You can use your snake-like lower body to
                  | constrict enemies. [Naga growth]
 18558 | Lair:4   | Reached XP level 13. HP: 80/117 MP: 18/28
 18558 | Lair:4   | Noticed an entropy weaver
 18562 | Lair:4   | Killed an entropy weaver
 19359 | Lair:4   | Killed an entropy weaver
 19573 | Lair:5   | Reached skill level 12 in Spellcasting
 20266 | Lair:6   | Entered Level 6 of the Lair of Beasts
 20855 | Lair:6   | Learned a level 6 spell: Bolt of Fire
 20946 | Lair:6   | Found a runed door.
 20950 | Lair:6   | Reached skill level 10 in Fighting
 21355 | Lair:6   | Got a faintly glowing trident
 21412 | Lair:6   | Identified the +6 trident of Gallantry {pierce, *Corrode
                  | Str+4 Int+2} (You found it on level 6 of the Lair of
                  | Beasts)
 21634 | Lair:6   | Found a staircase to the Slime Pits.
 21660 | Lair:6   | Reached skill level 13 in Spellcasting
 22571 | Lair:6   | Paralysed by a hornet for 1 turns
 22593 | Lair:6   | Reached XP level 14. HP: 23/132 MP: 10/31
 23047 | Lair:6   | Reached skill level 14 in Spellcasting
 24449 | Orc:1    | Entered Level 1 of the Orcish Mines
 24480 | Orc:1    | Noticed Sonja
 24485 | Orc:1    | Killed Sonja
 24771 | Orc:1    | Noticed a stone giant
 24878 | Orc:1    | Killed a stone giant
 25081 | Orc:1    | Offered knowledge of Airstrike by Vehumet.
 25104 | Orc:1    | Found Nato Vij's Assorted Antiques.
 25112 | Orc:1    | Reached skill level 15 in Spellcasting
 25340 | Orc:1    | Found Ecacycos's General Store.
 25523 | Orc:1    | Bought a scroll labeled QYOW OPNOGUALL for 26 gold pieces
 25544 | Orc:2    | Entered Level 2 of the Orcish Mines
 26327 | Orc:2    | Noticed Erolcha
 26332 | Orc:2    | Killed Erolcha
 26587 | Orc:2    | Noticed Josephine
 26594 | Orc:1    | Killed Josephine
 27368 | Orc:2    | Noticed Saint Roka
 27382 | Orc:2    | Killed Saint Roka
 27382 | Orc:2    | Reached skill level 16 in Spellcasting
 27699 | Orc:2    | Found a roughly hewn altar of Beogh.
 27699 | Orc:2    | Found Monyosae's Antique Weapon Shop.
 27763 | Orc:2    | Found Igof's Antique Armour Boutique.
 27818 | Orc:2    | Found a staircase to the Elven Halls.
 28057 | Orc:2    | Found a roughly hewn altar of Beogh.
 28061 | Orc:2    | Found Nuten's Weapon Shop.
 28456 | Orc:2    | Noticed Maurice
 28461 | Orc:2    | Killed Maurice
 28623 | Orc:1    | Offered knowledge of Bolt of Draining by Vehumet.
 28624 | Orc:1    | Reached XP level 15. HP: 96/138 MP: 3/35
 28784 | Orc:1    | Found Plog's General Store.
 28792 | Orc:1    | Bought a potion of invisibility for 88 gold pieces
 28824 | Orc:2    | Found a roughly hewn altar of Beogh.
 28846 | Orc:2    | Found a roughly hewn altar of Beogh.
 28896 | Orc:2    | Found a roughly hewn altar of Beogh.
 29020 | Orc:2    | Found a roughly hewn altar of Beogh.
 29183 | Orc:2    | Found a roughly hewn altar of Beogh.
 29185 | Orc:2    | Found Kerrudi's Food Boutique.
 29520 | Orc:2    | Bought a glowing helmet for 187 gold pieces
 29525 | Orc:2    | Bought an encrusted leather armour for 175 gold pieces
 29535 | Orc:2    | Identified the cursed +1 leather armour of Pessimism {+Fly
                  | rPois rC+} (You bought it in a shop on level 2 of the
                  | Orcish Mines)
 29575 | Orc:1    | Bought a hardcover book for 390 gold pieces
 29579 | Orc:1    | Learned a level 2 spell: Sublimation of Blood
 29637 | Orc:1    | Bought a scroll of identify for 22 gold pieces
 29637 | Orc:1    | Bought a scroll of fog for 22 gold pieces
 29698 | Orc:1    | Bought a scroll of magic mapping for 91 gold pieces
 29750 | D:11     | Found a flickering gateway to a bazaar.
 29761 | Bazaar   | Entered a bazaar
 29774 | Bazaar   | Found Gaxtig's Antique Weapon Emporium.
 29785 | Bazaar   | Found Tacoe's Antique Weapon Shoppe.
 29799 | Bazaar   | Found Popas's Antique Armour Emporium.
 29810 | Bazaar   | Found Nattiad's Antique Armour Shoppe.
 29868 | Bazaar   | Bought a runed robe for 55 gold pieces
 29868 | Bazaar   | Bought an embroidered robe for 55 gold pieces
 29868 | Bazaar   | Bought a pair of glowing gloves for 112 gold pieces
 29888 | Bazaar   | Bought an encrusted ring mail for 207 gold pieces
 30158 | D:11     | Got a pearl-studded ring mail
 30630 | D:11     | Noticed Psyche
 30632 | D:11     | Killed Psyche
 30968 | D:12     | Reached skill level 17 in Spellcasting
 30974 | D:12     | Found a frozen archway.
 31033 | IceCv    | Entered an ice cave
 31696 | IceCv    | Offered knowledge of Conjure Ball Lightning by Vehumet.
 32023 | IceCv    | Noticed a frost giant
 32030 | IceCv    | Killed a frost giant
 32279 | D:12     | Found a portal to a secret trove of treasure.
 32343 | D:12     | Offered knowledge of Poison Arrow by Vehumet.
 32821 | D:12     | Learned a level 6 spell: Poison Arrow
 32913 | D:12     | Reached skill level 1 in Poison Magic
 33955 | D:13     | Reached skill level 18 in Spellcasting
 34392 | D:13     | Noticed Frances
 34398 | D:13     | Killed Frances
 34458 | D:13     | Reached skill level 5 in Poison Magic
 34784 | D:13     | You fall through a shaft!
 34935 | D:14     | Reached XP level 16. HP: 146/146 MP: 38/38
 35725 | D:13     | Offered knowledge of Conjure Ball Lightning by Vehumet.
 36276 | D:14     | Reached skill level 1 in Necromancy
 37007 | D:14     | Found a gate to the Vaults.
 37320 | D:15     | Entered Level 15 of the Dungeon
 37620 | D:15     | Found a staircase to the Depths.
 37822 | D:15     | Found Gugeraq's Distillery.
 37994 | D:15     | Identified the +8 mace of Zelairir {freeze, rElec rPois
                  | rN+}
 39210 | Elf:1    | Entered Level 1 of the Elven Halls
 39549 | Elf:1    | Reached skill level 5 in Necromancy
 39709 | Elf:1    | Reached skill level 10 in Poison Magic
 39807 | Elf:1    | Noticed Kirke
 39812 | Elf:1    | Killed Kirke
 39812 | Elf:1    | Reached skill level 5 in Shields
 40236 | Elf:1    | Reached XP level 17. HP: 153/153 MP: 39/39
 41087 | Elf:2    | Found Ishroimm's Magic Scroll Shoppe.
 41087 | Elf:2    | Found Egitut's Armour Shop.
 41285 | Elf:2    | Offered knowledge of Conjure Ball Lightning by Vehumet.
 41341 | Elf:2    | Found a magical portal.
 41350 | WizLab   | Entered Doroklohe's Tomb
 41742 | WizLab   | Noticed an electric golem
 42138 | Elf:2    | Found a runed gate.
 42138 | Elf:2    | Found a runed gate.
 42139 | Elf:2    | Found a runed gate.
 42522 | Elf:3    | Entered Level 3 of the Elven Halls
 42522 | Elf:3    | Found a runed door.
 43220 | Elf:3    | Noticed Amnesiac's ghost (adept SpEn)
 43234 | Elf:3    | Killed Amnesiac's ghost
 43234 | Elf:3    | Reached skill level 5 in Dodging
 43508 | Elf:3    | Noticed an Ice Fiend
 43584 | Elf:3    | Noticed a deep elf master archer
 43587 | Elf:3    | Killed a deep elf master archer
 43589 | Elf:3    | Noticed a deep elf blademaster
 43592 | Elf:3    | Killed a deep elf blademaster
 43593 | Elf:3    | Noticed a deep elf blademaster
 43789 | Elf:3    | Killed a deep elf blademaster
 43789 | Elf:3    | Reached skill level 19 in Spellcasting
 43909 | Elf:3    | Reached XP level 18. HP: 145/160 MP: 28/41
 44325 | Elf:3    | Identified the +2 troll leather armour of Emnatod {Regen+
                  | Str+2}
 44330 | Elf:3    | Identified the +4 war axe of Deabeef {chop, Int+4}
 44330 | Elf:3    | Identified the cursed +1 robe of Subjectivity {+Fly rF++
                  | Str-4 Stlth+}
 44330 | Elf:3    | Identified the ring "Syotiocw" {rCorr rN++}
 44449 | Elf:3    | Noticed a deep elf master archer
 44452 | Elf:3    | Killed a deep elf master archer
 44711 | Elf:3    | Identified the +1 robe of Fun and Games {*Drain rElec rC-
                  | rN+++} (You found it on level 3 of the Elven Halls)
 45058 | Snake:1  | Entered Level 1 of the Snake Pit
 45247 | Lair:4   | Reached skill level 20 in Spellcasting
 46010 | Snake:1  | Reached ****** piety under Vehumet
 46462 | Snake:1  | Found Abudoxuyc's Distillery.
 46464 | Snake:1  | Found Murche Ynuwys's Assorted Antiques.
 46466 | Snake:1  | Found Kiewkilu's Distillery.
 46470 | Snake:1  | Bought a potion of cancellation for 136 gold pieces
 46519 | Snake:1  | Bought a potion of magic for 96 gold pieces
 46519 | Snake:1  | Bought a potion of heal wounds for 60 gold pieces
 46523 | Snake:1  | Bought a potion of heal wounds for 85 gold pieces
 46523 | Snake:1  | Bought a potion of heal wounds for 85 gold pieces
 46523 | Snake:1  | Bought a potion of heal wounds for 85 gold pieces
 46523 | Snake:1  | Bought a potion of heal wounds for 85 gold pieces
 46523 | Snake:1  | Bought a potion of resistance for 170 gold pieces
 46523 | Snake:1  | Bought a potion of invisibility for 136 gold pieces
 46779 | Snake:2  | Offered knowledge of Fire Storm by Vehumet.
 46779 | Snake:2  | Offered knowledge of Glaciate by Vehumet.
 46779 | Snake:2  | Offered knowledge of Chain Lightning by Vehumet.
 46804 | Snake:2  | Reached skill level 10 in Dodging
 48322 | Snake:2  | Learned a level 8 spell: Ignition
 48339 | Snake:3  | Reached XP level 19. HP: 156/168 MP: 40/43
 48717 | Snake:3  | Found Zuco Huic's Book Emporium.
 48899 | Snake:3  | Noticed Asterion
 48901 | Snake:3  | Killed Asterion
 49479 | Snake:4  | Entered Level 4 of the Snake Pit
 51227 | Snake:4  | Reached skill level 10 in Shields
 52009 | Snake:4  | Noticed Vashnia
 52026 | Snake:4  | Killed Vashnia
 52799 | Snake:4  | Reached XP level 20. HP: 176/176 MP: 42/44
 52906 | Snake:4  | Got a serpentine rune of Zot
 53177 | Swamp:1  | Entered Level 1 of the Swamp
 54145 | Swamp:1  | Found a deep blue altar of Sif Muna.
 56170 | Swamp:4  | Entered Level 4 of the Swamp
 56647 | Swamp:4  | Found a runed door.
 56647 | Swamp:4  | Noticed Stiffzip's ghost (journeyman SpAr)
 56657 | Swamp:4  | Killed Stiffzip's ghost
 56663 | Swamp:4  | Identified the Disquisition on Evil and Enhancements
 56669 | Swamp:4  | Learned a level 3 spell: Regeneration
 56750 | Swamp:4  | Reached skill level 1 in Charms
 56841 | Swamp:4  | Got a decaying rune of Zot
 57646 | Vaults:1 | Entered Level 1 of the Vaults
 58165 | Vaults:1 | Identified Vomonor's Compendium of Transformation
 58234 | Vaults:1 | Reached XP level 21. HP: 183/183 MP: 45/45
 58322 | Vaults:1 | Reached skill level 5 in Charms
 59172 | Vaults:1 | Reached skill level 15 in Shields
 61318 | Vaults:3 | Found Zyuwoch's Antique Weapon Boutique.
 61650 | Vaults:3 | Reached XP level 22. HP: 190/190 MP: 22/46
 61857 | Vaults:3 | Learned a level 2 spell: Blink
 61999 | Vaults:3 | Reached skill level 1 in Translocations
 62127 | Vaults:3 | Reached skill level 21 in Spellcasting
 62355 | Vaults:3 | Found a staircase to the Crypt.
 64898 | Depths:1 | Entered Level 1 of the Depths
 65073 | Depths:1 | Found a hide-covered altar of Uskayaw.
 65370 | Depths:1 | Reached XP level 23. HP: 198/198 MP: 45/48
 65779 | Depths:1 | Found a gateway to Hell.
 65779 | Depths:1 | Found a runed door.
 66523 | Depths:2 | Found a one-way gate to the infinite horrors of the Abyss.
 66866 | Depths:2 | You are sucked into a shaft for 2 floors!
 66877 | Depths:4 | Noticed a golden dragon
 67066 | Depths:3 | Noticed Boris
 67071 | Depths:3 | Killed Boris
 67071 | Depths:3 | Reached skill level 15 in Conjurations
 67071 | Depths:3 | Reached skill level 15 in Fire Magic
 67569 | Depths:2 | Learned a level 9 spell: Fire Storm
 67630 | Depths:2 | Reached skill level 22 in Spellcasting
 68117 | Depths:3 | Reached XP level 24. HP: 206/206 MP: 49/49
 68414 | Depths:3 | Found an ornate altar of the Wu Jian Council.
 68423 | Depths:3 | Found a radiant altar of Vehumet.
 68423 | Depths:3 | Found a basalt altar of Yredelemnul.
 68423 | Depths:3 | Found a shattered altar of Ashenzari.
 68785 | Depths:3 | Found a gateway to a ziggurat.
 68922 | Depths:3 | Noticed Nikola
 68930 | Depths:3 | Killed Nikola
 69370 | Depths:3 | Found a one-way gate leading to the halls of Pandemonium.
 69383 | Depths:3 | Noticed Louise
 69385 | Depths:3 | Killed Louise
 69514 | Depths:3 | Found Beneyxav's Gadget Boutique.
 70780 | Depths:4 | Noticed a caustic shrike
 70789 | Depths:4 | Killed a caustic shrike
 70790 | Depths:4 | Reached XP level 25. HP: 91/212 MP: 30/49
 71320 | Depths:4 | You are sucked into a shaft!
 71320 | Depths:5 | Entered Level 5 of the Depths
 72513 | Depths:5 | Reached skill level 23 in Spellcasting
 73588 | Depths:5 | Found a gate to the Realm of Zot.
 74309 | Slime:1  | Entered Level 1 of the Pits of Slime
 74968 | Slime:5  | Entered Level 5 of the Pits of Slime
 75025 | Slime:5  | Noticed the Royal Jelly
 75029 | Slime:5  | Killed the Royal Jelly
 75029 | Slime:5  | Reached XP level 26. HP: 191/220 MP: 33/50
 75141 | Slime:5  | Gained mutation: You are frail. (-10% HP) [a shining eye]
 75302 | Slime:5  | Identified a scroll of acquirement
 75350 | Slime:5  | Got a slimy rune of Zot
 75381 | Slime:5  | Got a flickering ivory ring
 75382 | Slime:5  | Identified the ring "Kumufoz" {Wiz rC- Dex+5} (You found it
                  | on level 5 of the Pits of Slime)
 76538 | Zig:1    | Entered Level 1 of a ziggurat
 76573 | Zig:2    | Entered Level 2 of a ziggurat
 76630 | Zig:3    | Entered Level 3 of a ziggurat
 76658 | Zig:4    | Entered Level 4 of a ziggurat
 76710 | Zig:4    | Got a steaming copper ring
 76711 | Zig:4    | Identified the ring of Foolhardiness {+Fly rF+} (You found
                  | it on level 4 of a ziggurat)
 76716 | Zig:5    | Entered Level 5 of a ziggurat
 76836 | Zig:6    | Entered Level 6 of a ziggurat
 76859 | Zig:6    | Got a translucent jade ring
 76873 | Zig:6    | Identified the Collected Works on the Rocks and the Compass
 76968 | Zig:6    | Identified the ring "Botriemp" {-Tele rPois MR+ AC+4 Str+2}
                  | (You found it on level 6 of a ziggurat)
 76974 | Zig:7    | Entered Level 7 of a ziggurat
 76979 | Zig:7    | Noticed Yheff the pandemonium lord
 76980 | Zig:7    | Noticed Kuth the pandemonium lord
 76983 | Zig:7    | Killed Kuth the pandemonium lord
 76986 | Zig:7    | Killed Yheff the pandemonium lord
 77054 | Zig:8    | Entered Level 8 of a ziggurat
 77059 | Zig:8    | Noticed Puklettar the pandemonium lord
 77066 | Zig:8    | Killed Puklettar the pandemonium lord
 77071 | Zig:8    | Reached skill level 24 in Spellcasting
 77316 | Zig:9    | Entered Level 9 of a ziggurat
 77372 | Zig:9    | Identified An Introduction to Hermeneutics
 77439 | Zig:9    | Reached XP level 27. HP: 205/205 MP: 51/51
 77468 | Zig:10   | Entered Level 10 of a ziggurat
 77502 | Zig:10   | Got a shimmering tin ring
 77526 | Zig:10   | Identified the ring "Doinioz" {+Fly Slay+3} (You found it
                  | on level 10 of a ziggurat)
 77683 | Zig:11   | Entered Level 11 of a ziggurat
 77695 | Zig:11   | Noticed Virgh the pandemonium lord
 77695 | Zig:11   | Noticed Icucei the pandemonium lord
 77699 | Zig:11   | Killed Icucei the pandemonium lord
 77703 | Zig:11   | Found the +8 mithril axe "Arga" {speed, MR+}
 77703 | Zig:11   | Killed Virgh the pandemonium lord
 77816 | Zig:12   | Entered Level 12 of a ziggurat
 77915 | Zig:13   | Entered Level 13 of a ziggurat
 77923 | Zig:13   | Noticed Izyugan the pandemonium lord
 77928 | Zig:13   | Noticed Zawary the pandemonium lord
 77947 | Zig:14   | Entered Level 14 of a ziggurat
 78064 | Zig:14   | Reached skill level 25 in Spellcasting
 78177 | Zig:14   | Identified the Volume of Changing
 78179 | Zig:14   | Identified the Disquisition on the Compass
 78195 | Zig:14   | Got a fine lead ring
 78237 | Zig:14   | Identified the ring "Yhauneut" {rC+ EV+2} (You found it on
                  | level 14 of a ziggurat)
 78240 | Zig:14   | Found the +8 orange crystal plate armour {Archmagi, Int+3
                  | Clar}
 78277 | Zig:15   | Entered Level 15 of a ziggurat
 78298 | Zig:15   | Noticed Etatumm the pandemonium lord
 78307 | Zig:16   | Entered Level 16 of a ziggurat
 78312 | Zig:16   | Noticed a greater mummy
 78312 | Zig:16   | Noticed a greater mummy
 78313 | Zig:16   | Found the +3 crown of Dyrovepreva {rElec Int+2 SInv}
 78313 | Zig:16   | Noticed a greater mummy
 78313 | Zig:16   | Noticed a greater mummy
 78314 | Zig:16   | Noticed a greater mummy
 78315 | Zig:16   | Killed a greater mummy
 78315 | Zig:16   | HP: 6/204 [greater mummy/divine providence (11)]
 78317 | Zig:16   | Annihilated by a reaper

Vault maps used:
D:1:      zelgadis_glass_arrival_small, corexii_leaking_fountain
D:2:      uniq_terence
D:4:      cheibrodos_greedy_goblins, overflow_temple_1_default, minitemple,
          first_ration, serial_shops, shop
D:5:      minmay_temple_entry_trees, minmay_misc_feat_five,
          nemelex_xobeh_ov_fountains_minmay
D:6:      old_standard_altar, nicolae_overflow_crystal_walls,
          minmay_increasing_density
D:7:      serial_shops, shop, uniq_harold
D:8:      grunt_dithmenos_shadows, lair_entry_dummy, serial_shops,
          shop_fountains, hangedman_pestilent_swarm, lemuel_flame_loot_1
D:9:      kb_lookout_dungeons_type, uniq_erica
D:10:     hiddenorc2_lemuel
D:11:     serial_shops, bzr_entry_islet, uniq_psyche
D:12:     portal_ice_cave_rime, gauntlet_entry_generic, enter_trove_1,
          nrook_mini_backslash
D:13:     cheibrodos_ideogram_h, hangedman_incinerator, uniq_frances
D:14:     david_vaults_4, grunt_decor_arrowhead
D:15:     grunt_enter_depths_snipers, nrook_campfire, serial_shops,
          nicolae_shop_stone, roderic_serpentine_path, nicolae_lava_and_water,
          minmay_fractal_squares_5
Temple:   eino_temple_rhombus
Lair:1:   st_stairs_6
Lair:2:   swamp_mist, serial_bayou_shore_b
Lair:3:   serial_bayou_shore_a
Lair:4:   guppyfry_snake_entry_island, zaba_anthell, serial_bayou_shore_b
Lair:5:   grunt_megastairs_4
Lair:6:   guppyfry_lair_end_dragon, wormcave, nicolae_slime_entry_slimehenge
Swamp:1:  basic_altar, swamp_pool3
Swamp:2:  hangedman_swamp_ruin_wall
Swamp:3:  evilmike_swamp_ruin_house_4
Swamp:4:  swamp_alternative, gammafunk_ghost_grave
Snake:1:  minmay_shop_star
Snake:3:  serial_shops, nicolae_shop_crystal, grunt_megastairs_2, uniq_asterion
Snake:4:  snake_pit, lemuel_fruit_tree, uniq_vashnia
Orc:1:    serial_shops, shop_fountains, shop, nicolae_shop_window_shopping,
          uniq_sonja
Orc:2:    grunt_orc_community_town_hall, grunt_orc_community_big_house_2,
          grunt_orc_community_big_house_1, grunt_orc_community_house_2,
          grunt_orc_community_house_3, grunt_orc_community_house_2,
          grunt_orc_community_house_2, grunt_orc_community_house_2,
          grunt_orc_community_house_1, uniq_maurice, uniq_josephine,
          uniq_erolcha
Elf:1:    eino_elf_arrival_the_gate, minmay_elf_crystal_hexagon, uniq_kirke
Elf:2:    serial_shops, shop, shop, mu_enter_wizlab_6, minmay_misc_feat_columns,
          corexii_hall_statues_x, basic_stair_grate_trap
Elf:3:    elf_hall, ebering_ghost_reflecting_pool
Vaults:1: v_misc_14, nicolae_vaults_three_branches, nicolae_vaults_big_ls,
          v_misc_3, grunt_vaults_trifunnel, vaults_room_fours,
          ontoclasm_vaults_ring_small, grunt_vaults_funnel, vaults_dpeg_ring,
          ontoclasm_vaults_decontamination, uniq_saint_roka
Vaults:2: vaults_mumra_chevron, nicolae_vaults_inception_scallops, v_rooms_5,
          nicolae_vaults_little_squares_4, vaults_mumra_minichess,
          vaults_standard_mumra_x, nicolae_vaults_theta, v_misc_16,
          nicolae_vaults_mini_display_case
Vaults:3: nicolae_vaults_network_square, st_octagons_1,
          ontoclasm_vaults_ring_small, hangedman_vaults_snaps,
          nicolae_vaults_circle_grid_a, nicolae_vaults_angled_halls,
          nicolae_vaults_alarming, v_misc_11, nicolae_vaults_network_star,
          hangedman_vaults_river_flow, nicolae_vaults_gold_heap,
          ontoclasm_vaults_claustrophobia, minmay_crypt_entry_simple_statues,
          vaults_room_ringed_pool, nicolae_vaults_little_squares_1, v_misc_17,
          serial_shops, shop
Vaults:4: vaults_dpeg_diagonal, st_lattice, nicolae_vaults_circle_grid_b,
          hangedman_vaults_slice, v_misc_3, ontoclasm_vaults_pinch, v_misc_13,
          hangedman_vaults_capsules
Depths:1: hell_entry, lemuel_crystal_altar, eino_tiny_chamber,
          lightli_giant_bouncers, grunt_megastairs_3
Depths:2: kennysheep_spiral_hall, abyss_entry, chequers_serial_rivers_micro_c,
          hangedman_tar_grid_catacomb, nicolae_water_bricks,
          basic_stair_grate_trap, minmay_staircase_windowed_large
Depths:3: minmay_the_grid_octo_tiled_squarecenter, enter_ziggurat_a,
          serial_shops, shop, bh_chokoban, grunt_pan_entry_zigzag,
          nicolae_abyss_entry_one_way_or_another, pf_dread_powers_of_hell,
          spider_trap, infiniplex_staircase_zigzag_5, uniq_boris, uniq_nikola
Depths:4: thingy_vault, hell_entry, rand_demon_pan_entry_7, abyss_entry,
          glass_columns_b, minmay_misc_feat_rows, minmay_staircase_bubble
Depths:5: grunt_zot_entry_funnels, chequers_decorated_corner, hell_entry,
          roderic_lattice_octagonal_star
Zig:9:    ziggurat_pillar_centre_dispersal
Zig:10:   ziggurat_pillar_centre_dead_trees
Zig:13:   ziggurat_pillar_centre_oklobs
Bazaar:   bazaar_minmay_armour_weapon
IceCv:    ice_cave_caverns_03
WizLab:   wizlab_doroklohe

Skill      XL: |  1  2  3  4  5  6  7  8  9 10 11 12 13 14 15 16 17 18 19 20 21 22 23 24 25 26 27 |
---------------+----------------------------------------------------------------------------------+-----
Conjurations   | 2 3 4 5 7 8 9 10 12 14 15 16 18 19 20 | 20.7
Spellcasting   | 3 4 5 7 10 11 13 16 18 19 20 21 22 23 24 25 | 25.2
Fire Magic     | 4 5 6 8 10 11 12 14 15 16 18 20 21 | 21.5
Evocations     | 3 4 6 |  6.0
Fighting       | 5 8 10 | 10.0
Shields        | 2 6 9 11 14 15 | 15.0
Poison Magic   | 6 10 | 10.0
Necromancy     | 5 |  5.0
Dodging        | 5 11 | 11.8
Charms         | 4 5 |  5.0
Translocations | 2 |  2.4
Stealth        | |  3.0

Action                   |  1- 3 |  4- 6 |  7- 9 | 10-12 | 13-15 | 16-18 | 19-21 | 22-24 | 25-27 || total
-------------------------+-------+-------+-------+-------+-------+-------+-------+-------+-------++-------
Throw: Throwing net      |       |       |       |       |       |       |       |     1 |       ||     1
 Cast: Flame Tongue      |    18 |    56 |   260 |   431 |   116 |       |       |       |       ||   881
       Conjure Flame     |       |     1 |     2 |    43 |     2 |     1 |       |       |       ||    49
       Sticky Flame      |       |       |    12 |    66 |    42 |     3 |     1 |       |       ||   124
       Fireball          |       |       |       |    20 |   164 |   238 |   414 |    12 |    12 ||   860
       Iskenderun's Myst |       |       |       |    33 |    43 |    87 |     8 |       |       ||   171
       Bolt of Fire      |       |       |       |       |   321 |   204 |   328 |   524 |   196 ||  1573
       Poison Arrow      |       |       |       |       |       |    50 |    40 |    74 |    56 ||   220
       Sublimation of Bl |       |       |       |       |       |       |       |    46 |    15 ||    61
       Regeneration      |       |       |       |       |       |       |       |    23 |    15 ||    38
       Ignition          |       |       |       |       |       |       |       |    33 |    78 ||   111
       Fire Storm        |       |       |       |       |       |       |       |       |    41 ||    41
       Blink             |       |       |       |       |       |       |       |       |     6 ||     6
 Abil: Spit Poison       |    14 |     8 |    15 |     1 |     1 |       |       |       |       ||    39
Evoke: Wand              |       |       |     8 |    30 |    22 |       |     4 |     4 |     9 ||    77
  Use: Scroll            |       |       |    21 |     6 |     8 |     9 |     5 |     2 |    16 ||    67
       Potion            |       |       |     1 |     3 |       |     1 |       |       |    12 ||    17
  Eat: Chunk             |       |     4 |    16 |    36 |   120 |    28 |    25 |    22 |    11 ||   262
       Ration            |       |       |     1 |     1 |       |     5 |     2 |     3 |     8 ||    20
Armor: Robe              |     2 |     7 |    20 |    65 |    70 |    36 |    56 |    46 |   106 ||   408
       Skin              |       |       |       |     7 |       |       |       |       |       ||     7
       Leather armour    |       |       |       |       |    49 |     8 |       |       |       ||    57
Dodge: Dodged            |    14 |    19 |    83 |    94 |   141 |    52 |    66 |    36 |    55 ||   560
Block: Buckler           |       |       |       |    34 |    63 |     8 |       |       |       ||   105
       Shield            |       |       |       |       |       |    45 |    26 |       |       ||    71
       Large shield      |       |       |       |       |       |       |   100 |   112 |   127 ||   339

Table legend:
 A = Non-vault XP
 B = Vault XP
 C = Vault XP percentage of total XP
 D = Non-vault monster count
 E = Vault monster count
 F = Vault count percentage of total count
                 A         B        C        D         E       F
            +---------+---------+-------+---------+---------+-------
      Total |  939269 |  436849 |  31.7 |    1760 |     701 |  28.5
            +---------+---------+-------+---------+---------+-------
        D:1 |      30 |       0 |   0.0 |      14 |       0 |   0.0
        D:2 |      53 |      36 |  40.4 |      19 |       1 |   5.0
        D:3 |     212 |       0 |   0.0 |      32 |       0 |   0.0
        D:4 |     250 |      21 |   7.7 |      14 |      11 |  44.0
        D:5 |     232 |       0 |   0.0 |       7 |       0 |   0.0
        D:6 |    1032 |     447 |  30.2 |      22 |       7 |  24.1
        D:7 |    1548 |    1023 |  39.8 |      32 |       1 |   3.0
        D:8 |     710 |    1151 |  61.8 |      13 |       5 |  27.8
        D:9 |     862 |    1057 |  55.1 |      12 |       2 |  14.3
       D:10 |    4160 |     513 |  11.0 |      36 |      32 |  47.1
       D:11 |    5097 |     448 |   8.1 |      16 |       1 |   5.9
       D:12 |    7217 |     722 |   9.1 |      60 |       2 |   3.2
       D:13 |    6487 |   11828 |  64.6 |      31 |      34 |  52.3
       D:14 |    9370 |    2956 |  24.0 |      26 |       4 |  13.3
       D:15 |    5411 |    4795 |  47.0 |      14 |      10 |  41.7
     Lair:1 |    3845 |     361 |   8.6 |      11 |       1 |   8.3
     Lair:2 |    2192 |       0 |   0.0 |      12 |       0 |   0.0
     Lair:3 |    6303 |       0 |   0.0 |      22 |       0 |   0.0
     Lair:4 |    6535 |    7015 |  51.8 |      18 |      47 |  72.3
     Lair:5 |    2205 |     228 |   9.4 |       9 |       1 |  10.0
     Lair:6 |   11406 |   10570 |  48.1 |      33 |      36 |  52.2
    Swamp:1 |   19277 |       0 |   0.0 |      50 |       0 |   0.0
    Swamp:2 |    9889 |       0 |   0.0 |      32 |       0 |   0.0
    Swamp:3 |   16931 |       0 |   0.0 |      42 |       0 |   0.0
    Swamp:4 |   12521 |   16820 |  57.3 |      27 |      24 |  47.1
    Snake:1 |   18955 |       0 |   0.0 |      38 |       0 |   0.0
    Snake:2 |   16314 |       0 |   0.0 |      31 |       0 |   0.0
    Snake:3 |   22171 |    6301 |  22.1 |      43 |       9 |  17.3
    Snake:4 |   22824 |   38728 |  62.9 |      34 |      50 |  59.5
    Slime:1 |    7660 |       0 |   0.0 |      19 |       0 |   0.0
    Slime:2 |   14554 |       0 |   0.0 |      20 |       0 |   0.0
    Slime:3 |   13301 |       0 |   0.0 |      21 |       0 |   0.0
    Slime:4 |    6259 |       0 |   0.0 |      21 |       0 |   0.0
    Slime:5 |   19739 |   31985 |  61.8 |      32 |      14 |  30.4
      Orc:1 |    7347 |    2355 |  24.3 |      53 |       8 |  13.1
      Orc:2 |    4020 |   13931 |  77.6 |      49 |      76 |  60.8
      Elf:1 |   24525 |    9882 |  28.7 |      41 |      17 |  29.3
      Elf:2 |   14682 |    1826 |  11.1 |      26 |       2 |   7.1
      Elf:3 |   19744 |   45502 |  69.7 |      32 |      31 |  49.2
   Vaults:1 |   18187 |   23388 |  56.3 |      30 |      45 |  60.0
   Vaults:2 |   42241 |   14721 |  25.8 |      63 |      17 |  21.2
   Vaults:3 |   46745 |   29369 |  38.6 |      71 |      38 |  34.9
   Vaults:4 |   34935 |   10329 |  22.8 |      49 |      12 |  19.7
   Depths:1 |   36295 |   21748 |  37.5 |      58 |      15 |  20.5
   Depths:2 |   39518 |    3573 |   8.3 |      48 |       5 |   9.4
   Depths:3 |   56361 |   49767 |  46.9 |      74 |      49 |  39.8
   Depths:4 |   54351 |   31074 |  36.4 |      66 |      22 |  25.0
   Depths:5 |   40762 |   25124 |  38.1 |      44 |      16 |  26.7
      Zig:1 |    1801 |       0 |   0.0 |       1 |       0 |   0.0
      Zig:2 |    1245 |       0 |   0.0 |       3 |       0 |   0.0
      Zig:3 |    5186 |       0 |   0.0 |       7 |       0 |   0.0
      Zig:4 |    6255 |       0 |   0.0 |       5 |       0 |   0.0
      Zig:5 |    4260 |       0 |   0.0 |      11 |       0 |   0.0
      Zig:6 |    7577 |       0 |   0.0 |      10 |       0 |   0.0
      Zig:7 |   25800 |     433 |   1.7 |       8 |       1 |  11.1
      Zig:8 |   16226 |       0 |   0.0 |      10 |       0 |   0.0
      Zig:9 |   18955 |       0 |   0.0 |      12 |       0 |   0.0
     Zig:10 |   15887 |       0 |   0.0 |      18 |       0 |   0.0
     Zig:11 |   39009 |       0 |   0.0 |      14 |       0 |   0.0
     Zig:12 |   25146 |       0 |   0.0 |      25 |       0 |   0.0
     Zig:13 |      93 |    4405 |  97.9 |       1 |       8 |  88.9
     Zig:14 |   31445 |      33 |   0.1 |      27 |       1 |   3.6
     Zig:15 |    2640 |       0 |   0.0 |       2 |       0 |   0.0
     Zig:16 |   22479 |       0 |   0.0 |      39 |       0 |   0.0
      IceCv |       0 |   12304 | 100.0 |       0 |      45 | 100.0
     WizLab |       0 |      80 | 100.0 |       0 |       1 | 100.0
            +---------+---------+-------+---------+---------+-------
